 Dungeon Sprint DCSS version 0.30-a0-591-g3c58d2bc28 (webtiles) character file.

Game seed: 7548839832302477493

9807 NinjaNoafa the Warrior (level 11, 0/114 HPs)
             Began as a Ghoul Gladiator on Jan 5, 2023.
             Was a Priest of Yredelemnul.
             Slain by an orc knight
             ... wielding a +0 great mace
              (16 damage)
             ... in the Dungeon (Sprint IX: "|||||||||||||||||||||||||||||").
             The game lasted 00:08:15 (1723 turns).

NinjaNoafa the Warrior (Ghoul Gladiator)            Turns: 1723, Time: 00:08:15

Health: 0/114      AC: 22    Str: 23    XL:     11   Next: 52%
Magic:  17/17      EV: 11    Int:  3    God:    Yredelemnul [***...]
Gold:   222        SH:  0    Dex: 13    Spells: 10/10 levels left

rFire   . . .      SeeInvis .    b - +8 quarterstaff (heavy)
rCold   + . .      Faith    .    (shield currently unavailable)
rNeg    + + +      Spirit   .    r - +2 chain mail
rPois   ∞          Reflect  .    c - +0 helmet
rElec   .          Harm     .    p - +0 cloak
rCorr   .          Rampage  .    q - +0 pair of gloves
Will    .....      NoTele   +    h - +0 pair of boots Stlth
                                 (no amulet)
HPRegen 0.00/turn                n - +3 ring of dexterity
MPRegen 0.15/turn                o - +2 ring of protection

@: inhibited regen
A: claws 1, cold resistance 1, negative energy resistance 3, inhibited
regeneration, torment resistance 2, devour on kill
a: Renounce Religion, Recall Undead Harvest, Dark Bargain


You were in the Dungeon.
You worshipped Yredelemnul.
Yredelemnul was aware of your devotion.
You visited 1 branch You collected 222 gold pieces.

Inventory:

Hand Weapons
 b - a +8 heavy quarterstaff (weapon)
Missiles
 a - 6 poisoned darts
 e - a javelin (quivered)
Armour
 c - a +0 helmet (worn)
 h - a +0 pair of boots (worn)
 p - a +0 cloak (worn)
 q - a +0 pair of gloves (worn)
 r - a +2 chain mail (worn)
Jewellery
 n - a +3 ring of dexterity (left hand)
 o - a +2 ring of protection (right hand)
Wands
 m - a wand of quicksilver (5)
Scrolls
 k - 3 scrolls of blinking
 l - 2 scrolls of amnesia
 s - a scroll of fear
Potions
 d - 5 potions of heal wounds
 f - 3 potions of curing
 g - 2 potions of brilliance
 i - 4 potions of magic
 j - 3 potions of berserk rage


   Skills:
 - Level 16.0 Fighting
 - Level 14.0 Staves
 - Level 1.7 Throwing
 + Level 11.2 Armour
 - Level 8.0 Dodging
 - Level 10.0 Invocations
 - Level 8.0 Evocations


You had 10 spell levels left.
You didn't know any spells.
Your spell library was empty.

Dungeon Overview and Level Annotations

Branches:
Dungeon (1/1)

Altars:
Cheibriados
Dithmenos
Fedhas
Gozag
Hepliaklqana
Kikubaaqudgha
Makhleb
Nemelex Xobeh
Okawaru
Qazlal
Ru
Sif Muna
Trog
Uskayaw
Vehumet
Wu Jian
Xom
Yredelemnul
Jiyva
Lugonu

Shops:
D *


Innate Abilities, Weirdness & Mutations

You are immune to poison.
You have sharp fingernails.
Your flesh is cold resistant. (rC+)
You are immune to negative energy. (rN+++)
You do not regenerate when monsters are visible.
You are immune to unholy pain and torment.
You thrive by killing the living.


Message History

You hit the orc knight.
The orc knight is severely wounded.
You thump the orc knight!
The orc knight is almost dead.
The orc knight hits you with a +0 great mace!
You barely miss the orc knight.
The orc knight is almost dead.
The orc knight hits you with a +0 great mace!!
* * * LOW HITPOINT WARNING * * *
You swap places.
The orc knight barely misses your orc warrior zombie.
Okay, then.
The orc knight hits your orc warrior zombie with a +0 great mace!!
Your orc warrior zombie hits the orc knight but does no damage.
You swap places.
The orc knight hits you with a +0 great mace!
* * * LOW HITPOINT WARNING * * *
Aiming: Quicksilver Bolt
Press: ? - help, Shift-Dir - straight line, f - orc knight
Aim: an orc knight, wielding a +1 great mace of protection and wearing a +0 plate armour (strong, 74% to hit)
The bolt of dispelling energy misses the orc knight.
The bolt of dispelling energy hits the orc knight!
The orc knight is lightly wounded.
The orc knight's magical effects unravel!
The bolt of dispelling energy hits the orc knight!
The orc knight is lightly wounded.
The orc knight's magical effects unravel!
The bolt of dispelling energy hits the orc warrior!
The orc warrior is heavily wounded.
The orc warrior's magical effects unravel!
The bolt of dispelling energy hits the orc warrior.
The orc warrior is lightly wounded.
The orc warrior's magical effects unravel!
The bolt of dispelling energy hits the orc warrior!!
The orc warrior is almost dead.
The orc warrior's magical effects unravel!
The bolt of dispelling energy misses the orc warrior.
The orc knight hits you with a +0 great mace!
You die...
Yredelemnul claims you as an undead slave.

▓Z▓Z▓'▓.▓_▓
▓Z▓.▓.▓.▓_▓
▓Z▓.▓.▓.▓_▓
▓Z▓)▓.▓.▓_▓
▓Z▓.▓Z▓.▓_▓
▓Z▓.▓Z▓.▓_▓
▓Z▓.▓Z▓.▓_▓
▓Z▓.▓.▓.▓_▓
▓@▓.▓.▓.▓_▓
▓o▓?▓Z▓.▓_▓
▓o▓Z▓Z▓.▓'▓
▓o▓.▓.▓.▓.▓
▓o▓.▓.▓.▓.▓
▓o▓.▓.▓.▓)▓
▓o▓.▓.▓.▓)▓
▓o▓.▓.▓.▓.▓
▓.▓.▓.▓.▓


You could see 3 orc knights, 4 orc warriors, a friendly orc zombie, 3 friendly
orc warrior zombies, a friendly orc priest zombie and 2 friendly orc wizard
zombies.

Vanquished Creatures
  Josephine (D)
  A centaur warrior (D)
  A cyclops (D)
  A black mamba (D)
  4 cane toads (D)
  6 polar bears (D)
  A blink frog (D)
  3 yaks (D)
  5 wraiths (D)
  A wyvern (D)
  2 basilisks (D)
  Grum (D)
  11 dancing weapons (D)
  2 vampire mosquitoes (D)
  4 water moccasins (D)
  9 orc warriors (D)
  4 black bears (D)
  A black bear (shapeshifter) (D)
  4 wolves (D)
  A bullfrog (D)
  A scorpion (D)
  A necrophage (D)
  A howler monkey (D)
  3 orc priests (D)
  7 orc wizards (D)
  2 adders (D)
  6 orcs (D)
  A giant cockroach (D)
  A hobgoblin (D)
  A quokka (D)
  2 rats (D)
89 creatures vanquished.

Vanquished Creatures (collateral kills)
  An orc high priest (D)
  4 dancing weapons (D)
  An orc warrior (D)
  A kobold brigand (D)
  An orc (D)
8 creatures vanquished.

Vanquished Creatures (others)
  A hornet (D)
  A human zombie (D)
  A hornet zombie (D)
  A wolf zombie (D)
  A black bear zombie (D)
  A kobold zombie (D)
  3 orc zombies (D)
9 creatures vanquished.

Grand Total: 106 creatures vanquished

Notes
Turn   | Place    | Note
-------+----------+-------------------------------------------
     0 | D        | NinjaNoafa the Ghoul Gladiator began the quest for the Orb.
     0 | D        | Reached XP level 1. HP: 17/17 MP: 0/0
    18 | D        | Reached skill level 3 in Fighting
    27 | D        | Noticed a scorpion
    27 | D        | Noticed an orc wizard
    27 | D        | Noticed a necrophage
    30 | D        | Reached XP level 2. HP: 27/27 MP: 1/1
    41 | D        | Killed a scorpion
    42 | D        | Reached skill level 5 in Fighting
    42 | D        | Reached skill level 5 in Staves
    42 | D        | Reached skill level 5 in Dodging
    42 | D        | Reached XP level 3. HP: 36/36 MP: 2/2
    42 | D        | Reached XP level 4. HP: 42/42 MP: 3/3
    49 | D        | Reached skill level 6 in Fighting
    52 | D        | Killed a necrophage
    53 | D        | Reached skill level 7 in Fighting
    53 | D        | Reached XP level 5. HP: 52/52 MP: 4/4
    58 | D        | Found a snail-covered altar of Cheibriados.
    58 | D        | Found a shadowy altar of Dithmenos.
    58 | D        | Found a blossoming altar of Fedhas.
    58 | D        | Found an opulent altar of Gozag.
    59 | D        | Found a hazy altar of Hepliaklqana.
    72 | D        | Found a viscous altar of Jiyva.
    73 | D        | Found an ancient bone altar of Kikubaaqudgha.
    74 | D        | Found a corrupted altar of Lugonu.
    75 | D        | Found a burning altar of Makhleb.
    76 | D        | Found a sparkling altar of Nemelex Xobeh.
    77 | D        | Found an iron altar of Okawaru.
    78 | D        | Found a stormy altar of Qazlal.
    79 | D        | Found a sacrificial altar of Ru.
    80 | D        | Found a shimmering blue altar of Sif Muna.
    81 | D        | Found a bloodstained altar of Trog.
    82 | D        | Found a hide-covered altar of Uskayaw.
    83 | D        | Found a radiant altar of Vehumet.
    84 | D        | Found an ornate altar of the Wu Jian Council.
    85 | D        | Found a shimmering altar of Xom.
    86 | D        | Found a basalt altar of Yredelemnul.
   117 | D        | Became a worshipper of the Wu Jian Council
   129 | D        | Fell from the grace of Wu Jian
   139 | D        | Became a worshipper of Yredelemnul the Dark
   190 | D        | Noticed a yak
   190 | D        | Noticed a wraith
   190 | D        | Noticed a hornet
   190 | D        | Noticed a kobold brigand
   206 | D        | Killed a yak
   207 | D        | Reached skill level 9 in Fighting
   207 | D        | Reached XP level 6. HP: 54/63 MP: 5/5
   210 | D        | Killed a wraith
   211 | D        | Reached skill level 10 in Fighting
   211 | D        | Reached XP level 7. HP: 54/72 MP: 6/6
   237 | D        | Killed a hornet
   249 | D        | Reached * piety under Yredelemnul
   249 | D        | Reached skill level 11 in Fighting
   254 | D        | Noticed a +0 great sword of freezing
   254 | D        | Noticed a +2 quarterstaff of electrocution
   256 | D        | Killed a +0 great sword of freezing
   260 | D        | Killed a +2 quarterstaff of electrocution
   361 | D        | Noticed a +2 heavy rapier
   361 | D        | Noticed a +1 dire flail of electrocution
   361 | D        | Noticed a +1 quarterstaff of flaming
   362 | D        | Killed a +1 quarterstaff of flaming
   362 | D        | Killed a +1 dire flail of electrocution
   363 | D        | Killed a +2 heavy rapier
   441 | D        | Noticed a +0 quarterstaff of freezing
   441 | D        | Noticed a +3 dire flail of flaming
   441 | D        | Noticed a +2 dire flail of speed
   443 | D        | Killed a +3 dire flail of flaming
   444 | D        | Killed a +2 dire flail of speed
   444 | D        | Killed a +0 quarterstaff of freezing
   448 | D        | Noticed a vampire mosquito
   448 | D        | Noticed a centaur warrior
   448 | D        | Noticed a human
   448 | D        | Noticed a cyclops
   448 | D        | Noticed a vampire mosquito
   457 | D        | Killed a vampire mosquito
   458 | D        | Reached skill level 10 in Staves
   464 | D        | a human changed into a black bear
   467 | D        | Killed a centaur warrior
   468 | D        | Reached skill level 13 in Fighting
   468 | D        | Reached XP level 8. HP: 36/86 MP: 0/7
   470 | D        | Reached ** piety under Yredelemnul
   485 | D        | Killed a cyclops
   486 | D        | Reached skill level 14 in Fighting
   486 | D        | Reached XP level 9. HP: 16/95 MP: 2/8
   830 | D        | Noticed a cane toad
   830 | D        | Noticed a cane toad
   831 | D        | Noticed a black mamba
   835 | D        | Reached skill level 1 in Armour
   835 | D        | Reached skill level 1 in Invocations
   835 | D        | Reached skill level 1 in Evocations
   835 | D        | Killed a cane toad
   835 | D        | Killed a cane toad
   836 | D        | Reached skill level 15 in Fighting
   836 | D        | Noticed a cane toad
   839 | D        | Killed a black mamba
   840 | D        | Reached XP level 10. HP: 97/105 MP: 8/12
   842 | D        | Reached skill level 5 in Invocations
   850 | D        | Killed a cane toad
   850 | D        | Reached *** piety under Yredelemnul
   906 | D        | Noticed a cane toad
   921 | D        | Reached **** piety under Yredelemnul
   922 | D        | Reached ***** piety under Yredelemnul
   929 | D        | Reached skill level 5 in Armour
   929 | D        | Reached skill level 5 in Evocations
   933 | D        | Killed a cane toad
   953 | D        | Reached skill level 16 in Fighting
  1185 | D        | Reached XP level 11. HP: 114/114 MP: 16/16
  1188 | D        | Noticed Grum
  1198 | D        | Killed Grum
  1208 | D        | Reached ****** piety under Yredelemnul
  1322 | D        | Noticed Josephine
  1331 | D        | Killed Josephine
  1335 | D        | Reached skill level 10 in Invocations
  1369 | D        | Your ally Josephine died
  1649 | D        | Noticed an orc high priest
  1679 | D        | Killed an orc high priest
  1680 | D        | Reached skill level 10 in Armour
  1710 | D        | Found Qawe Legg's Assorted Antiques.
  1710 | D        | Noticed an orc knight
  1710 | D        | Noticed an orc knight
  1715 | D        | Noticed an orc knight
  1723 | D        | Slain by an orc knight

Illustrated notes

Levels and vault maps discovered:
D:        linesprint [early_d, line_temple, items_1, d_10, items_2, lair_1,
          lair_end, items_3, orc_1, orc_end, items_4, d_15, swamp_1, shoals_1,
          snake_1, spider_1, d_20, vaults_1, items_5, swamp_end, shoals_end,
          snake_end, spider_end, vaults_end, d_27, items_6, zot_1, zot_end,
          crypt_end, forest_end, elf_end, slime_end, tomb_end, abyss_end,
          pan_hell_end]

Skill      XL: |  1  2  3  4  5  6  7  8  9 10 11 |
---------------+----------------------------------+-----
Staves         | 3 5 6 7 8 11 12 13 14 | 14.0
Dodging        | 3 5 6 7 8 |  8.0
Fighting       | 3 5 7 9 10 13 14 15 16 | 16.0
Armour         | 4 7 11 | 11.2
Invocations    | 4 8 10 | 10.0
Evocations     | 4 7 8 |  8.0
Throwing       | |  1.7

Action                   |  1- 3 |  4- 6 |  7- 9 | 10-12 || total
-------------------------+-------+-------+-------+-------++-------
Melee: Quarterstaff      |    22 |    28 |    53 |   158 ||   261
Throw: Javelin           |     2 |     1 |     2 |       ||     5
       Throwing net      |     2 |       |     1 |       ||     3
Invok: Renounce Religion |       |     1 |       |       ||     1
       Dark Bargain      |       |       |       |     1 ||     1
Evoke: Wand              |       |       |     3 |     2 ||     5
  Use: Potion            |     2 |       |     5 |       ||     7
       Scroll            |       |       |     1 |     5 ||     6
Armor: Leather armour    |     4 |     1 |       |       ||     5
       Chain mail        |       |     5 |    40 |    80 ||   125
Dodge: Dodged            |    16 |     6 |    21 |    75 ||   118

Table legend: (Time is in decaauts)
 A = Elapsed time spent in this place.
 B = Non-inter-level travel time spent in this place.
 C = Inter-level travel time spent in this place.
 D = Time resting spent in this place.
 E = Time spent auto-exploring this place.
 F = Levels seen in this place.
 G = Mean time per level.
                   A        B        C        D        E       F      G
               +--------+--------+--------+--------+--------+-----+--------+
         Total |   1852 |   1852 |      0 |      0 |   1190 |   1 | 1852.0 |
       Dungeon |   1852 |   1852 |      0 |      0 |   1190 |   1 | 1852.0 |
               +--------+--------+--------+--------+--------+-----+--------+

Top non-repeatable levels by time:
       D: 1852 daAuts
